AoeStats
← PALITOMAN

Lombardia

508974339Analyzed
3v3 RM · 8d ago on Sep 24, 2026· 45m 54s· 6 players
Game mode
Random Map
Map size
Normal (6 player)
Population
200
Speed
Normal
Resources
Standard
Victory
Conquest
Starting age
Dark Age
Ending age
Imperial Age
RankedLock teamsTeams togetherTeam positionsShared explorationLock speedFull tech treeHidden civsTurbo modeCheats
Victory
Defeat
🇸🇪 Wei · Sweden
1256
+12
🇸🇪 Lithuanians · Sweden
1255
+12
🇸🇪 Byzantines · Sweden
1231
+14
🇲🇽 Lithuanians · Mexico
1193
-13
🇦🇷 Tupi · Argentina
1185
-13
🇪🇸 Danes · Spain
1150
-12
destroza_argentos
11:43 Feudal Age
12:52 Double-Bit Axe
12:50 Horse Collar
13:21 Gold Mining
19:31 Castle Age
19:19 Forging
20:35 Bow Saw
23:18 Husbandry
29:26 Stone Mining
31:19 Bloodlines
34:38 Stone Shaft Mining
35:24 Iron Casting
34:54 Scale Barding Armor
36:47 Heavy Plow
39:32 Imperial Age
38:46 Chain Barding Armor
40:50 Plate Barding Armor
39:37 Cavalier
40:40 Conscription
40:46 Capped Ram
41:27 Paladin
PALITOMAN
9:35 Loom
11:28 Feudal Age
12:29 Double-Bit Axe
18:57 Castle Age
20:04 Pikeman
25:56 Bow Saw
26:36 Elite Skirmisher
27:52 Fletching
29:22 Wheelbarrow
31:20 Hand Cart
33:24 Elite Skirmisher
34:27 Ballistics
34:06 Bodkin Arrow
34:12 Padded Archer Armor
36:58 Imperial Age
35:54 Leather Archer Armor
37:43 Bracer
39:30 Chemistry
40:03 Forging
39:53 Scale Mail Armor
ELTRAVERO
8:06 Loom
10:27 Feudal Age
10:38 Champi Runner
13:21 Double-Bit Axe
13:27 Gold Mining
17:02 Arson
18:22 Scale Mail Armor
19:36 Stone Mining
24:53 Castle Age
23:04 Fletching
23:16 Padded Archer Armor
22:58 Horse Collar
25:58 Bow Saw
25:51 Heavy Plow
25:13 Elite Skirmisher
25:55 Bodkin Arrow
26:15 Leather Archer Armor
30:39 Gold Shaft Mining
30:54 Wheelbarrow
33:11 Hand Cart
39:49 Imperial Age
41:41 Conscription
42:45 Caciques
43:50 Ring Archer Armor
43:21 Bracer
45:12 Chemistry
45:34 Elite Blackwood Archer
ikaros
10:38 Feudal Age
15:11 Castle Age
25:25 Forging
27:30 Wheelbarrow
26:56 Town Watch
28:34 Loom
28:48 Horse Collar
28:55 Double-Bit Axe
29:20 Scale Barding Armor
29:32 Bloodlines
29:23 Husbandry
30:27 Bow Saw
31:14 Chain Barding Armor
32:00 Iron Casting
37:09 Imperial Age
34:59 Gold Mining
35:03 Stone Mining
37:21 Cavalier
38:37 Plate Barding Armor
38:26 Conscription
38:23 Caravan
39:52 Hand Cart
40:24 Paladin
IamZlatanIbrahimovic
9:52 Feudal Age
10:32 Double-Bit Axe
10:34 Horse Collar
18:53 Castle Age
17:49 Gold Mining
19:54 Bow Saw
19:49 Heavy Plow
19:43 Fletching
20:06 Bloodlines
23:00 Wheelbarrow
22:58 Husbandry
25:34 Hand Cart
26:30 Bloodlines
28:16 Thumb Ring
29:06 Gold Shaft Mining
32:08 Imperial Age
29:26 Loom
32:01 Ballistics
33:19 Parthian Tactics
32:54 Bodkin Arrow
32:59 Padded Archer Armor
34:07 Chemistry
36:36 Heavy Hei Guang Cavalry
37:23 Bracer
37:38 Leather Archer Armor
37:24 Scale Mail Armor
37:31 Scale Barding Armor
37:37 Forging
42:11 Ring Archer Armor
42:02 Chain Barding Armor
42:17 Iron Casting
SeuppGustavoCal
7:24 Loom
11:36 Feudal Age
12:14 Double-Bit Axe
12:12 Horse Collar
17:36 Castle Age
17:49 Fletching
17:59 Padded Archer Armor
19:44 Bow Saw
27:34 Wheelbarrow
27:36 Heavy Plow
30:51 Imperial Age
28:42 Gold Mining
28:58 Padded Archer Armor
30:14 Gold Shaft Mining
30:31 Bodkin Arrow
30:55 Leather Archer Armor
30:18 Crossbowman
31:41 Thumb Ring
31:45 Stone Mining
32:22 Conscription
32:40 Ring Archer Armor
33:16 Bracer
33:40 Ballistics
34:09 Hand Cart
33:39 Arbalester
36:13 Chemistry
37:36 Hoardings
37:13 Elite Cataphract
37:55 Greek Fire
41:37 Caravan
43:27 Logistica
44:10 Scale Barding Armor
44:15 Forging
44:06 Scale Mail Armor
45:38 Chain Barding Armor
46:35 Iron Casting
Connection lost

Rejoining the realm…

Still unreachable

The connection could not be restored.

Session expired

The server has moved on; the page needs a fresh start.